 Seeded DCSS version 0.29-a0-821-g66395355a5 (webtiles) character file.

Game seed: 7284023535547480779 (custom seed)

129 flotson the Sneak (level 4, -3/35 HPs)
             Began as a Demonspawn Delver on July 7, 2022.
             Killed from afar by a white imp (8 damage)
             ... with a puff of frost
             ... summoned by Natasha
             ... on level 2 of the Dungeon.
             The game lasted 00:07:14 (3879 turns).

flotson the Sneak (Demonspawn Delver)               Turns: 3879, Time: 00:07:15

Health: -3/35      AC:  5    Str: 15    XL:     4   Next: 88%
Magic:  4/4        EV: 12    Int: 11    God:
Gold:   178        SH:  0    Dex: 14    Spells: 3/3 levels left

rFire   . . .      SeeInvis .   a - +0 spear
rCold   . . .      Faith    .   (no shield)
rNeg    . . .      Spirit   .   h - +0 ring mail
rPois   .          Reflect  .   (helmet restricted)
rElec   .          Harm     .   (no cloak)
rCorr   +          Rampage  .   (no gloves)
Will    .....                   (no boots)
Stlth   ++........              (no amulet)
HPRegen 0.11/turn               m - ring of resist corrosion
MPRegen 0.09/turn               (no ring)

@: slowed, very slow
A: antennae 2, sturdy frame 1
a: no special abilities


You were on level 2 of the Dungeon.
You visited 1 branch of the dungeon, and saw 5 of its levels.

You collected 178 gold pieces.

Inventory:

Hand Weapons
 a - a +0 spear (weapon)
Missiles
 f - 14 stones (quivered)
 u - 4 boomerangs
Armour
 h - a +0 ring mail (worn)
Jewellery
 m - a ring of resist corrosion (left hand)
Wands
 g - a wand of digging (1)
Scrolls
 c - a scroll of fog
 d - a scroll of magic mapping
 e - a scroll of fear
 i - a scroll of brand weapon {unknown}
 k - a scroll of enchant weapon {unknown}
 o - a scroll of acquirement {unknown}
 q - a scroll of torment {unknown}
 r - a scroll of identify {unknown}
 t - a scroll of vulnerability {unknown}
Potions
 b - a potion of lignification {unknown}
 j - 2 potions of flight {unknown}
 n - 3 potions of curing {unknown}
 p - 3 potions of heal wounds
 s - 2 potions of brilliance {unknown}


   Skills:
 + Level 3.5 Fighting
 + Level 1.3(1.8) Axes
 - Level 1.7(2.0) Polearms
 + Level 0.8 Throwing
 + Level 1.3 Armour
 + Level 2.4 Dodging
 + Level 4.9 Stealth
 + Level 1.5 Evocations


You had 3 spell levels left.
You didn't know any spells.
Your spell library was empty.

Dungeon Overview and Level Annotations

Branches:
Dungeon (5/15)
 Temple: D:4-7

Altars:

Shops:
D:4 *

Annotations:
D:2 Natasha, Robin


Innate Abilities, Weirdness & Mutations

You have a pair of antennae on your head.
Your movements are slightly less encumbered by armour. (ER -2)


Message History

Natasha stares at you and mumbles some strange words.
You feel yourself slow down.
Throw: dart (poison)
Press: ? - help, Q - select action, (/) - cycle Shift-Dir - straight line, f/p - Natasha
Aim: Natasha (very poisoned, 51% to hit)
You throw a poisoned dart.
The poisoned dart barely misses Natasha.
Unknown command.
You reach to attack!
You miss Natasha.
Natasha howls an incantation.
You feel troubled.
Natasha wildly gestures.
Natasha shimmers violently.
Natasha mumbles some strange words.
You barely miss Natasha. Natasha closely misses you.
The white imp gestures at you. The puff of frost hits you!
Natasha claws you but does no damage.
You barely miss Natasha.
Natasha is moderately wounded.
Natasha claws you but does no damage. The white imp gestures at you.
The puff of frost hits you.
Unknown command.
You hit Natasha.
Natasha is heavily wounded.
Natasha claws you. The white imp gestures at you. The puff of frost hits you.
* * * LOW HITPOINT WARNING * * *
Natasha claws you.
* * * LOW HITPOINT WARNING * * *
You barely miss Natasha.
Natasha is heavily wounded.
The white imp misses you.
Natasha howls an incantation.
You feel troubled. Natasha barely misses you. The white imp gestures at you.
The puff of frost hits you!
You die...

.........'.....'................>
.##...####.....#...[#...#.###.#..
.##.#.###########.###.###.###.#..
.##.#.........###.###.###...#.#..
........................†.....#..
###'#...#.(...###.....##....#....
........#..(.........###.####..#.
........#.......5.....#..........
........#....#.h@.....#†#.###....
....>...#....#........#<#.###.#..
........#....#..).....###.#...#..
........#....#............#.#.#..
........#....#.......######.###..
........#....#.......# #......
........######.......###########.
........# #.......##.....# ##
........# #.......##.###.# #


You could see Natasha (poisoned) and a white imp (summoned).

Vanquished Creatures
  Terence (D:2)
  Natasha (D:2)
  2 adders
  2 orcs (D:2)
  2 ball pythons
  4 bats
  2 endoplasms (D:1)
  A giant cockroach (D:1)
  11 goblins
  9 hobgoblins
  3 jackals (D:2)
  4 kobolds
  2 quokkas (D:2)
  4 frilled lizards (D:1)
  8 rats
56 creatures vanquished.

Notes
Turn   | Place    | Note
-------+----------+-------------------------------------------
     0 | D:5      | flotson the Demonspawn Delver began the quest for the Orb.
     0 | D:5      | Reached XP level 1. HP: 18/18 MP: 1/1
   197 | D:4      | Found Leid's General Store.
   290 | D:4      | Gained mutation: Your movements are slightly less
                  | encumbered by armour. (ER -2) [demonic ancestry]
   290 | D:4      | Reached XP level 2. HP: 13/24 MP: 2/2
   506 | D:4      | Noticed an ogre
  1246 | D:1      | Found a faded altar of an unknown god.
  1336 | D:1      | Gained mutation: You have a pair of small antennae on your
                  | head. [demonic ancestry]
  1336 | D:1      | Reached XP level 3. HP: 29/29 MP: 3/3
  1817 | D:1      | Reached skill level 1 in Axes
  2266 | D:2      | Noticed Natasha
  2478 | D:2      | Noticed Terence
  2498 | D:2      | Reached skill level 1 in Evocations
  2513 | D:2      | Killed Terence
  2514 | D:2      | Reached skill level 1 in Armour
  2514 | D:2      | Gained mutation: You have a pair of antennae on your head.
                  | [demonic ancestry]
  2514 | D:2      | Reached XP level 4. HP: 35/35 MP: 4/4
  2904 | D:2      | Noticed Robin
  3291 | D:2      | Killed Natasha
  3827 | D:2      | Noticed Natasha
  3879 | D:2      | Killed from afar by a white imp

Illustrated notes

Levels and vault maps discovered:
D:1:      lemuel_arrival_river_passageway, layout_basic, serial_curves,
          eino_curves_02, eino_curves_02, hellmonk_ecumenical_altar_run_dry
D:2:      layout_basic, basic_altar, uniq_terence, uniq_robin, uniq_natasha
D:3:      layout_rooms, hex_medium, kennysheep_small_spiral,
          chequers_serial_rivers_marsh, uniq_crazy_yiuf_cottage
D:4:      layout_basic, gammafunk_ghost_necromancy, serial_shops,
          nicolae_shop_hallway_plus
D:5:      layout_loops_cross, serial_shops, nicolae_shop_behind_doors,
          kennysheep_small_square

Skill      XL: |  1  2  3 |
---------------+----------+-----
Dodging        | 2 |  2.4
Axes           | 1 |  1.3
Evocations     | 1 |  1.5
Armour         | 1 |  1.3
Fighting       | |  3.5
Polearms       | |  1.7
Throwing       | |  0.8
Stealth        | |  4.9

Action                   |  1- 3 |  4- 6 || total
-------------------------+-------+-------++-------
Melee: Spear             |   146 |    87 ||   233
       Punch             |       |     1 ||     1
Throw: Stone             |     3 |     2 ||     5
       Dart              |     1 |    10 ||    11
Evoke: Wand              |     2 |       ||     2
  Use: Potion            |     1 |       ||     1
       Scroll            |       |     1 ||     1
 Stab: Sleeping          |    10 |       ||    10
Armor: Ring mail         |    33 |    28 ||    61
Dodge: Dodged            |    66 |    68 ||   134

Table legend: (Time is in decaauts)
 A = Elapsed time spent in this place.
 B = Non-inter-level travel time spent in this place.
 C = Inter-level travel time spent in this place.
 D = Time resting spent in this place.
 E = Time spent auto-exploring this place.
 F = Levels seen in this place.
 G = Mean time per level.
                   A        B        C        D        E       F      G
               +--------+--------+--------+--------+--------+-----+--------+
         Total |   3886 |   3777 |    109 |   1135 |   1730 |   5 |  777.2 |
       Dungeon |   3886 |   3777 |    109 |   1135 |   1730 |   5 |  777.2 |
               +--------+--------+--------+--------+--------+-----+--------+

Top non-repeatable levels by time:
     D:2: 1740 daAuts
     D:1: 1517 daAuts
     D:4: 562 daAuts
     D:3: 36 daAuts
     D:5: 30 daAuts
